 Dungeon Crawl Stone Soup version 0.28.0-45-g0d030f2227 (webtiles) character file.

Game seed: 4625986631262669969

5 DemonSlayer the Magician (level 1, 0/13 HPs)
             Began as a Demonspawn Hedge Wizard on Mar 31, 2022.
             Slain by a bat (1 damage)
             ... on level 1 of the Dungeon.
             The game lasted 00:00:50 (451 turns).

DemonSlayer the Magician (Demonspawn Hedge Wizard)   Turns: 451, Time: 00:00:51

Health: 0/13       AC:  2    Str: 10    XL:     1   Next: 66%
Magic:  4/4        EV: 12    Int: 15    God:
Gold:   0          SH:  0    Dex: 12    Spells: 5/6 levels left

rFire   . . .      SeeInvis .   d - +0 eveningstar
rCold   . . .      Faith    .   (no shield)
rNeg    . . .      Spirit   .   b - +0 robe
rPois   .          Reflect  .   c - +0 hat
rElec   .          Harm     .   (no cloak)
rCorr   .          Rampage  .   (no gloves)
Will    .....                   (no boots)
Stlth   ++........              (no amulet)
HPRegen 0.04/turn               (no ring)
MPRegen 0.09/turn               (no ring)

@: no status effects
A: no striking features
a: no special abilities


You were on level 1 of the Dungeon.
You visited 1 branch of the dungeon, and saw 1 of its levels.

Inventory:

Hand Weapons
 a - a +0 dagger
 d - a +0 eveningstar (weapon)
Armour
 b - a +0 robe (worn)
 c - a +0 hat (worn)


   Skills:
 + Level 1.7 Dodging
 + Level 1.7 Stealth
 + Level 3.3 Spellcasting
 + Level 1.0 Conjurations
 + Level 1.0 Summonings
 + Level 0.8 Translocations


You had 5 spell levels left.
You knew the following spells:

 Your Spells              Type           Power      Damage    Failure   Level
a - Magic Dart            Conj           20%        1d4       13%         1

Your spell library contained the following spells:

 Spells                   Type           Power      Damage    Failure   Level
 Slow                     Hex            8%         N/A       19%         1
 Call Imp                 Summ           5%         N/A       19%         2
 Blink                    Tloc           10%        N/A       21%         2
 Conjure Flame            Conj/Fire      4%         6-21      43%         3
 Mephitic Cloud           Conj/Pois/Air  3%         N/A       45%         3


Dungeon Overview and Level Annotations

Branches:
Dungeon (1/15)

Altars:


Message History

The bat is heavily wounded.
The bat barely misses you.
The magic dart hits the bat.
You kill the bat!
You are too depleted to draw on your mana recklessly!
You are too depleted to draw on your mana recklessly!
You are too depleted to draw on your mana recklessly!
A kobold comes into view. It is wielding a +0 whip.
A kobold is nearby!
A kobold is nearby!
A kobold is nearby!
A kobold is nearby!
The kobold shouts!
No target in view!
No target in view!
No target in view!
A kobold and a bat come into view.
The bat moves out of view.
A kobold is nearby!
A kobold is nearby!
A goblin and a quokka come into view.
Found a granite ring.
You barely miss the kobold. The bat barely misses you. The kobold misses you.
You closely miss the kobold. The bat completely misses you.
The bat hits you but does no damage. The kobold closely misses you.
The bat hits you but does no damage. The kobold hits you with a +0 whip.
You closely miss the kobold. The bat hits you.
The kobold hits you with a +0 whip. The quokka barely misses you.
You barely miss the kobold. The kobold barely misses you.
The kobold hits you with a +0 whip.
You barely miss the kobold. The kobold barely misses you.
You barely miss the kobold. The kobold hits you with a +0 whip. x2
* * * LOW HITPOINT WARNING * * *
You closely miss the kobold. The kobold hits you but does no damage.
You miss the kobold. The kobold hits you but does no damage.
The kobold barely misses you.
You sock the kobold!
You kill the kobold!
The bat hits you.
You die...

......... .....#
=........ ......
......... .# ......
#........
.#........#######........
.+.......................
.#..... ...#####.r.......
......####.#...#b#r......
......+.......##@#b......
..... ####.#.....#.......
.#########.#.#####.......
...........#.# .......
.†.........#.. .....##
...........#.. #.....
...............
...............
................


You could see a quokka and a bat.

Vanquished Creatures
  A dart slug (D:1)
  A bat (D:1)
  A goblin (D:1)
  A kobold (D:1)
4 creatures vanquished.

Notes
Turn   | Place    | Note
-------+----------+-------------------------------------------
     0 | D:1      | DemonSlayer the Demonspawn Hedge Wizard began the quest for
                  | the Orb.
     0 | D:1      | Reached XP level 1. HP: 13/13 MP: 4/4
   451 | D:1      | Slain by a bat

Illustrated notes

Levels and vault maps discovered:
D:1:      onia_arrival_mini_maze_b, layout_basic,
          ebering_ecumenical_altar_petrified

Action                   || total
-------------------------++-------
Melee: Eveningstar       ||    13
       Dagger            ||     4
 Cast: Magic Dart        ||     7
Armor: Robe              ||     9
Dodge: Dodged            ||    22
